 Dungeon Crawl Stone Soup version 0.19-a0-1697-g0595f0e (webtiles) character file.

59 Saways the Slasher (level 3, -2/26 HPs)
             Began as a High Elf Fighter on Sept 26, 2016.
             Slain by a river rat (7 damage)
             ... on level 3 of the Dungeon.
             The game lasted 00:02:08 (1093 turns).

Saways the Slasher (High Elf Fighter)               Turns: 1093, Time: 00:02:09

Health: -2/26      AC:  7    Str: 16    XL:     3   Next: 78%
Magic:  4/4        EV:  7    Int: 12    God:
Gold:   92         SH:  8    Dex: 14    Spells: 0 memorised, 2 levels left

rFire  . . .     SeeInvis .     a - +0 long sword
rCold  . . .     Gourm    .     b - +0 scale mail
rNeg   . . .     Faith    .     c - +0 shield
rPois  .         Spirit   .     (no helmet)
rElec  .         Dismiss  .     (no cloak)
rCorr  .         Reflect  .     (no gloves)
MR     .....     Harm     .     (no boots)
Stlth  ..........               (no amulet)
                                (no ring)
                                (no ring)

@: no status effects
A: no striking features
a: no special abilities


You were on level 3 of the Dungeon.
You were very hungry.

You visited 1 branch of the dungeon, and saw 3 of its levels.

You collected 92 gold pieces.

Inventory:

Hand Weapons
 a - a +0 long sword (weapon)
Armour
 b - a +0 scale mail (worn)
 c - a +0 shield (worn)
Scrolls
 g - a scroll of identify
 i - a scroll of blinking
 j - a scroll of noise
 k - a scroll of teleportation
 n - a scroll of magic mapping
 q - a scroll of recharging {unknown}
 r - a scroll of enchant weapon {unknown}
 s - a scroll of remove curse {unknown}
Potions
 d - 2 potions of might
 h - a potion of brilliance {unknown}
 o - a potion of magic {unknown}
 t - a potion of degeneration {unknown}
Comestibles
 f - 3 bread rations
 p - a slice of pizza


   Skills:
 + Level 3.5 Fighting
 * Level 3.9 Long Blades
 + Level 3.0 Armour
 + Level 0.7 Dodging
 - Level 2.6 Shields


You had 2 spell levels left.
You didn't know any spells.

Dungeon Overview and Level Annotations

Branches:
Dungeon (3/15)

Altars:

Portals:
Sewer: D:3

Annotations:
D:3 Ijustatesigmund's ghost, amateur HaSk


Message History

You are too injured to fight recklessly!
You are too injured to fight recklessly!
You are too injured to fight recklessly!
You are too injured to fight recklessly!
You are too injured to fight recklessly!
You are too injured to fight recklessly!
You are too injured to fight recklessly!
You are too injured to fight recklessly!
You are too injured to fight recklessly!
You are too injured to fight recklessly!
You are too injured to fight recklessly!
You are too injured to fight recklessly!
You are too injured to fight recklessly!
You are too injured to fight recklessly!
You are too injured to fight recklessly!
You are too injured to fight recklessly!
You closely miss the river rat.
The river rat is almost dead.
The river rat bites you!
You die...

,,,,,*,***,* ,,,,*,** *,*
**##### ,****** *,* *≈≈≈≈∩# ,*
*,* *,≈≈≈≈# ,* *,* *,≈≈≈≈# **
******,* *,.≈≈≈# * *,>,,,,*
*,r...#
*****,*****#######rr..#******
,,,,,,*#####....@rrr#,,,,,,,***
,******#.....##.##s...#**,,,,,*
,* #.....##.#*.#### *,*,*,**
,** #........#*.# *,*,,,,* ,,*
#.....####*.# *,***,,* ..*
#.....####*.# *,,,,,,* ..*
####.#.......# ******,* ..*
#..........###**** *,*
..#####.#####.##.#,,,,,* *,*


You could see a river rat, a quokka, a giant cockroach and 3 rats.

Vanquished Creatures
  2 worms (D:2)
  3 dart slugs
  2 leopard geckos
  4 bats
  3 giant cockroaches (D:2)
  6 goblins
  5 hobgoblins
  8 kobolds
  A quokka (D:3)
  3 ball pythons
  A frilled lizard (D:1)
  5 rats
43 creatures vanquished.

Notes
Turn   | Place    | Note
-------+----------+-------------------------------------------
     0 | D:1      | Saways the High Elf Fighter began the quest for the Orb.
     0 | D:1      | Reached XP level 1. HP: 16/16 MP: 2/2
    66 | D:1      | Reached XP level 2. HP: 21/21 MP: 3/3
   618 | D:2      | Reached XP level 3. HP: 25/26 MP: 4/4
  1007 | D:3      | Noticed Ijustatesigmund's ghost (amateur HaSk)
  1072 | D:3      | Found a glowing drain.
  1093 | D:3      | Slain by a river rat

Vault maps used:
D:1:      saegor_arrival_simple_a
D:2:      first_bread
D:3:      portal_sewer_entry_b

Skill      XL: |  1  2  3 |
---------------+----------+-----
Long Blades    | 3 |  3.9
Armour         | 3 |  3.0
Fighting       | |  3.5
Dodging        | |  0.7
Shields        | |  2.6

Action                   || total
-------------------------++-------
Melee: Long sword        ||   172
  Use: Scroll            ||     7
       Potion            ||     1
Armor: Scale mail        ||    61
Dodge: Dodged            ||    60
Block: Shield            ||    72
